 Dungeon Crawl Stone Soup version 0.21.1-1-g345015f (webtiles) character file.

36 tidbits the Charmwright (level 3, -3/31 HPs)
             Began as a Gnoll Skald on June 20, 2018.
             Slain by a gnoll
             ... wielding a +0 whip
              (9 damage)
             ... on level 3 of the Dungeon.
             The game lasted 00:02:58 (333 turns).

tidbits the Charmwright (Gnoll Skald)                Turns: 333, Time: 00:02:59

Health: -3/31      AC:  3    Str: 13    XL:     3   Next: 37%
Magic:  0/9        EV: 14    Int: 16    God:
Gold:   31         SH:  0    Dex: 14    Spells: 1/12 levels left

rFire    . . .     SeeInvis .   a - +0 hand axe
rCold    . . .     Gourm    .   (no shield)
rNeg     . . .     Faith    .   b - +0 leather armour
rPois    .         Spirit   .   (no helmet)
rElec    .         Reflect  .   (no cloak)
rCorr    .         Harm     .   (no gloves)
MR       .....                  (no boots)
Stlth    +.........             (no amulet)
HPRegen  0.10/turn              (no ring)
MPRegen  0.11/turn              (no ring)

@: no status effects
A: distributed training, fangs 1, strong nose
a: no special abilities


You were on level 3 of the Dungeon.
You were not hungry.

You visited 1 branch of the dungeon, and saw 3 of its levels.

You collected 31 gold pieces.

Inventory:

Hand Weapons
 a - a +0 hand axe (weapon)
 g - a +0 dagger
Missiles
 i - 19 arrows
Armour
 b - a +0 leather armour (worn)
Scrolls
 e - a scroll of remove curse {unknown}
 h - 2 scrolls of identify {unknown}
Potions
 f - a potion of curing
Books
 c - a book of Battle

   Spells                             Type                      Level
   a - Infusion                       Charms                       1
   b - Shroud of Golubria             Charms/Translocation         2
   c - Song of Slaying                Charms                       2
   d - Spectral Weapon                Hexes/Charms                 3
   e - Regeneration                   Charms/Necromancy            3
Comestibles
 d - 2 rations


   Skills:
 + Level 4.5 Fighting
 + Level 0.7 Short Blades
 + Level 0.7 Long Blades
 + Level 4.5 Axes
 + Level 0.7 Maces & Flails
 + Level 0.7 Polearms
 + Level 0.7 Staves
 + Level 0.7 Slings
 + Level 0.7 Bows
 + Level 0.7 Crossbows
 + Level 0.7 Throwing
 + Level 2.6 Armour
 + Level 4.5 Dodging
 + Level 0.7 Stealth
 + Level 0.7 Shields
 + Level 0.7 Unarmed Combat
 + Level 5.0 Spellcasting
 + Level 0.5 Conjurations
 + Level 0.5 Hexes
 + Level 5.4 Charms
 + Level 0.5 Summonings
 + Level 0.5 Necromancy
 + Level 0.5 Translocations
 + Level 0.5 Transmutations
 + Level 0.5 Fire Magic
 + Level 0.5 Ice Magic
 + Level 0.5 Air Magic
 + Level 0.5 Earth Magic
 + Level 0.5 Poison Magic
 + Level 0.9 Invocations
 + Level 0.7 Evocations


You had one spell level left.
You knew the following spells:

 Your Spells              Type           Power        Failure   Level  Hunger
g - Shroud of Golubria    Chrm/Tloc      ##........   9%          2    #......
i - Infusion              Chrm           ###.         1%          1    None
r - Regeneration          Chrm/Necr      ##........   17%         3    ###....
w - Spectral Weapon       Hex/Chrm       ##......     17%         3    ###....
y - Song of Slaying       Chrm           ###.....     3%          2    #......


Dungeon Overview and Level Annotations

Branches:
Dungeon (3/15)

Altars:
Kikubaaqudgha
Sif Muna
Zin


Innate Abilities, Weirdness & Mutations

Your experience applies equally to all skills.
You have very sharp teeth.
Your uncanny sense of smell can sniff out nearby items.


Message History

The kobold hits you but does no damage.
You hit the kobold.
You kill the kobold!
Things that are here:
a dagger; 3 stones Your magical infusion is running out.
Things that are here:
a dagger; 3 stones Memorise Regeneration, consuming 3 spell levels and leaving 3?
You start memorising the spell.
You continue memorising. x3
You are no longer magically infusing your attacks.
You finish memorising.
Spell assigned to 'r'.
Memorise Spectral Weapon, consuming 3 spell levels and leaving 0?
You start memorising the spell.
You continue memorising. x3
You finish memorising.
Spell assigned to 'w'.
You see here a club.
Found an escape hatch in the floor.
An adder comes into view.
Casting: Infusion
Confirm with . or Enter, or press ? or * to list all spells.
You begin infusing your attacks with magical energy.
The adder hisses angrily.
You miss the adder. Your bite misses the adder. The adder misses you.
You hit the adder.
The adder is moderately wounded.
The adder barely misses you.
You slash the adder!
You kill the adder!
Your Spellcasting skill increases to level 5!
There is an escape hatch in the floor here.
You see here an adder corpse.
Found a leather armour.
There is an escape hatch in the floor here.
You see here an adder corpse.
You slide downwards.
The hatch slams shut behind you.
A hobgoblin and a gnoll come into view.
The gnoll shouts!
The hobgoblin shouts!
You hear a shout! x3
Found a ration.
Unknown command.
You hit the hobgoblin.
You bite the hobgoblin, but do no damage.
The hobgoblin is heavily wounded.
The hobgoblin hits you but does no damage.
A gnoll and an orc priest come into view.
It was a potion of curing.
You feel better. The hobgoblin barely misses you.
An orc and an orc wizard come into view.
Casting: Infusion
Confirm with . or Enter, or press ? or * to list all spells.
You draw out your weapon's spirit!
Your magical infusion is running out.
The orc priest mumbles some strange prayers to Beogh against you.
Pain shoots through your body!
The orc moves out of view.
The orc wizard casts a cantrip, but nothing happens.
Unknown command.
You hit the hobgoblin.
The hobgoblin is almost dead.
Your spectral weapon barely misses the hobgoblin.
The hobgoblin barely misses you.
Casting: Spectral Weapon
Confirm with . or Enter, or press ? or * to list all spells.
You don't have enough magic to cast that spell.
You hit the hobgoblin!
You kill the hobgoblin!
You closely miss the orc priest. Your bite misses the orc priest.
You hit the gnoll.
Your spectral weapon hits the orc priest.
The orc priest hits you but does no damage.
The gnoll hits you but does no damage.
A gnoll comes into view. It is wielding a spear.
The gnoll shouts!
You hit the orc priest. You bite the orc priest.
The orc priest is moderately wounded.
You hit the gnoll but do no damage.
Your spectral weapon misses the orc priest.
The orc priest barely misses you.
The orc wizard casts a spell.
The orc wizard seems to speed up.
The gnoll hits you with a whip.
Unknown command.
You hit the orc priest.
The orc priest is severely wounded.
You hit the gnoll but do no damage. You barely miss the gnoll.
Your spectral weapon hits the orc priest.
The orc closely misses you.
The orc priest hits your spectral weapon.
Your spectral weapon shares its damage with you!
The gnoll barely misses you. The gnoll hits you with a whip.
* * * LOW HITPOINT WARNING * * *
A frilled lizard comes into view.
You closely miss the orc priest.
The orc priest is severely wounded.
You barely miss the gnoll. You hit the gnoll but do no damage.
You are no longer magically infusing your attacks.
Your spectral weapon hits the orc priest.
The orc barely misses you.
The orc priest barely misses your spectral weapon.
The orc wizard points at you and mumbles some strange words.
The magic dart hits you!
* * * LOW HITPOINT WARNING * * *
The gnoll barely misses you. The gnoll hits you with a whip!
You die...

##########
.........#
.........#
.....%...#
.......(.##
#...o@).#
#.#..gg.#
#oo...#
#.....#
.....g+
.#.....#
#.##....l #
....##.


You could see an orc priest, an orc wizard, 3 gnolls, an orc, a frilled lizard
and a friendly spectral hand axe.

Vanquished Creatures
  An adder (D:2)
  An ooze (D:1)
  A leopard gecko (D:2)
  4 goblins
  3 hobgoblins
  3 jackals (D:2)
  A kobold (D:2)
  A quokka (D:2)
  A frilled lizard (D:1)
  3 rats (D:1)
19 creatures vanquished.

Notes
Turn   | Place    | Note
-------+----------+-------------------------------------------
     0 | D:1      | tidbits the Gnoll Skald began the quest for the Orb.
     0 | D:1      | Reached XP level 1. HP: 20/20 MP: 6/6
    73 | D:1      | Reached XP level 2. HP: 26/26 MP: 0/7
   118 | D:2      | Found a deep blue altar of Sif Muna.
   209 | D:2      | Learned a level 2 spell: Song of Slaying
   212 | D:2      | Learned a level 2 spell: Shroud of Golubria
   250 | D:2      | Reached XP level 3. HP: 31/31 MP: 2/9
   252 | D:2      | Found an ancient bone altar of Kikubaaqudgha.
   253 | D:2      | Found a glowing silver altar of Zin.
   268 | D:2      | Learned a level 3 spell: Regeneration
   272 | D:2      | Learned a level 3 spell: Spectral Weapon
   309 | D:2      | Reached skill level 5 in Spellcasting
   333 | D:3      | Slain by a gnoll

Skill      XL: |  1  2  3 |
---------------+----------+-----
Spellcasting   | 5 |  5.0
Fighting       | |  4.5
Short Blades   | |  0.7
Long Blades    | |  0.7
Axes           | |  4.5
Maces & Flails | |  0.7
Polearms       | |  0.7
Staves         | |  0.7
Slings         | |  0.7
Bows           | |  0.7
Crossbows      | |  0.7
Throwing       | |  0.7
Armour         | |  2.6
Dodging        | |  4.5
Stealth        | |  0.7
Shields        | |  0.7
Unarmed Combat | |  0.7
Conjurations   | |  0.5
Hexes          | |  0.5
Charms         | |  5.4
Summonings     | |  0.5
Necromancy     | |  0.5
Translocations | |  0.5
Transmutations | |  0.5
Fire Magic     | |  0.5
Ice Magic      | |  0.5
Air Magic      | |  0.5
Earth Magic    | |  0.5
Poison Magic   | |  0.5
Invocations    | |  0.9
Evocations     | |  0.7

Action                   || total
-------------------------++-------
Melee: Hand axe          ||    45
       Bite              ||     6
 Cast: Infusion          ||     8
       Spectral Weapon   ||     1
  Use: Potion            ||     1
Armor: Leather armour    ||    10
Dodge: Dodged            ||    31

Table legend:
 A = Turns spent in this place as a percentage of turns spent in the entire game.
 B = Non-inter-level travel turns spent in this place as a percentage of non-inter-level travel turns spent in the entire game.
 C = Inter-level travel turns spent in this place as a percentage of turns spent in this place.
 D = Turns resting spent in this place as a percentage of non-inter-level travel turns spent in this place.
 E = Turns spent auto-exploring this place as a percentage of non-inter-level travel turns spent in this place.
 F = Non-inter-level travel turns spent in this place divided by the number of levels of this place that you've seen.
                   A       B       C       D       E      F
               +-------+-------+-------+-------+-------+----------------------
         Total | 100.0 | 100.0 |   0.0 |   0.0 |   0.0 | 111.0
       Dungeon | 100.0 | 100.0 |   0.0 |   0.0 |   0.0 | 111.0
               +-------+-------+-------+-------+-------+----------------------

Table legend:
 A = Kills in this place as a percentage of kills in entire the game.
 B = Kills by you in this place as a percentage of kills by you in the entire game.
 C = Kills by friends in this place as a percentage of kills by friends in the entire game.
 D = Other kills in this place as a percentage of other kills in the entire game.
 E = Experience gained in this place as a percentage of experience gained in the entire game.
 F = Experience gained in this place divided by the number of levels of this place that you have seen.
                   A       B       C       D       E      F
               +-------+-------+-------+-------+-------+----------------------
         Total | 100.0 | 100.0 |   N/A |   N/A | 100.0 |  17.3
       Dungeon | 100.0 | 100.0 |   N/A |   N/A | 100.0 |  17.3
               +-------+-------+-------+-------+-------+----------------------

Vault maps used:
D:1:      shiori_arrival_oz, grunt_decor_mini_mirrors, minmay_distorted
D:2:      lemuel_round_altar, minitemple, lemuel_statue_altar
D:3:      vehumet_crystals
